 Dungeon Crawl Stone Soup version 0.29-a0-876-gfc89b1a5bd (webtiles) character file.

Game seed: 14029698255783049863

75413 xian the Carver (level 15, 0/130 HPs)
             Began as a Black Draconian Fighter on July 19, 2022.
             Was an Initiate of Gozag.
             Killed from afar by a fire dragon (25 damage)
             ... with a blast of flame
             ... on level 15 of the Dungeon.
             The game lasted 01:45:12 (19453 turns).

xian the Carver (Black Draconian Fighter)          Turns: 19453, Time: 01:45:14

Health: 0/130      AC: 16    Str: 34    XL:     15   Next: 9%
Magic:  15/15      EV: 20    Int: 10    God:    Gozag
Gold:   2990       SH: 13    Dex: 21    Spells: 14/14 levels left

rFire   . . .      SeeInvis +   q - +13 Maxwell's thermic engine {flame, freeze}
rCold   + . .      Faith    .   b - +0 buckler
rNeg    + . .      Spirit   .   (body armour unavailable)
rPois   .          Reflect  +   C - +1 hat {Will+}
rElec   +          Harm     .   (no cloak)
rCorr   +          Rampage  .   H - +2 pair of gloves
Will    ++++.      Clarity  +   K - +2 pair of boots
Stlth   ++++......              r - amulet of Cazxasid {Reflect rN+ Regen+ Dex+4 SH+5}
HPRegen 0.00/turn               e - ring "Donacodo" {rElec Will+ Str+6 Dex+6}
MPRegen 0.14/turn               s - ring of the Real Monster {Will+ rCorr Str+4 SInv}

@: short of breath, gold aura, flying, inhibited regen
A: breathe lightning, AC +9, unfitting armour, big wings, electricity
resistance, cold-blooded, clarity, cold resistance 1, inhibited regeneration
a: Breathe Lightning, Renounce Religion, Potion Petition, Call Merchant, Bribe
Branch


You were on level 15 of the Dungeon.
You worshipped Gozag.
Gozag was most pleased with you.
You visited 5 branches of the dungeon, and saw 21 of its levels.
You also visited: Ice Cave.

You collected 7099 gold pieces.
You spent 3321 gold pieces at shops.
You paid 788 gold pieces to Gozag.

Inventory:

Hand Weapons
 l - the +0 hand axe of Grand Defence {holy, Fragile rElec Int+4}
   (You found it on level 6 of the Dungeon)

   It has been blessed by the Shining One to cause great damage to the undead
   and demons.
   Int:       It affects your intelligence (+4).
   rElec:     It insulates you from electricity.
   Fragile:   It will be destroyed if unequipped.
 n - the +6 dagger "Killer Bee's Curse" {spect, rN+}
   (You bought it in a shop on level 2 of the Dungeon)

   When its wielder attacks, the weapon's spirit leaps out and strikes again.
   The spirit shares a part of any damage it takes with its wielder.
   rN:        It protects you from negative energy.
 o - the +8 battleaxe "Suylok" {vamp, rElec}
   (You found it on level 8 of the Dungeon)

   It occasionally heals its wielder for a portion of the damage dealt when it
   wounds a living foe.
   rElec:     It insulates you from electricity.
 q - the +13 Maxwell's thermic engine (weapon) {flame, freeze}
   (You found it in an ice cave)

   It burns those it strikes, dealing additional fire damage.
   Big, fiery blades are also staple armaments of hydra-hunters.
   It freezes those it strikes, dealing additional cold damage.
   It can also slow down cold-blooded creatures.
   It becomes more effective when it hits something.
   This effect fades over time.
Missiles
 a - 7 javelins
 c - 4 curare-tipped darts
 h - 52 poisoned darts (quivered)
 v - 2 datura-tipped darts
Armour
 b - a +0 buckler (worn)
 C - a +1 hat of willpower (worn)
 H - a +2 pair of gloves (worn)
 K - a +2 pair of boots (worn)
Jewellery
 e - the ring "Donacodo" (left hand) {rElec Will+ Str+6 Dex+6}
   (You bought it in a shop on level 2 of the Orcish Mines)

   [ring of strength]

   Str:       It affects your strength (+6).
   Dex:       It affects your dexterity (+6).
   rElec:     It insulates you from electricity.
   Will:      It increases your willpower.
 f - a +4 ring of protection
 m - the ring "Zafoh" {rPois Int+6 Slay+2}
   (You found it in an ice cave)

   [ring of intelligence]

   Int:       It affects your intelligence (+6).
   Slay:      It affects your accuracy & damage with ranged weapons and melee
   (+2).
   rPois:     It protects you from poison.
 r - the amulet of Cazxasid (around neck) {Reflect rN+ Regen+ Dex+4 SH+5}
   (You acquired it on level 3 of the Dungeon)

   [amulet of reflection]

   It reflects blocked missile attacks.
   Dex:       It affects your dexterity (+4).
   rN:        It protects you from negative energy.
   Regen:     It increases your rate of health regeneration.
   SH:        It affects your SH (+5).
 s - the ring of the Real Monster (right hand) {Will+ rCorr Str+4 SInv}
   (You acquired it on level 3 of the Dungeon)

   [ring of see invisible]

   Str:       It affects your strength (+4).
   SInv:      It lets you see invisible.
   rCorr:     It protects you from acid and corrosion.
   Will:      It increases your willpower.
 x - a ring of magical power
Wands
 g - a wand of quicksilver (13)
 k - a wand of iceblast (13)
 A - a wand of polymorph (6)
 J - a wand of flame (22)
 O - a wand of mindburst (11)
 Q - a wand of digging (5)
Scrolls
 i - 4 scrolls of fear
 t - 2 scrolls of immolation
 D - a scroll of enchant weapon
 E - a scroll of magic mapping
 F - 2 scrolls of amnesia
 G - a scroll of fog
 I - 2 scrolls of vulnerability
 L - 4 scrolls of identify
 R - a scroll of poison
Potions
 d - 4 potions of brilliance
 j - 4 potions of mutation
 p - a potion of berserk rage
 u - a potion of cancellation
 w - a potion of flight
 z - 3 potions of haste
 B - 7 potions of curing
 M - 2 potions of magic
 N - a potion of might
 S - 4 potions of invisibility
 U - a potion of ambrosia
Miscellaneous
 y - a phial of floods
 P - a box of beasts
 T - a tin of tremorstones (2/2)


   Skills:
 + Level 11.3 Fighting
 + Level 9.7(12.9) Short Blades
 + Level 13.6(14.8) Long Blades
 + Level 3.6 Throwing
 + Level 11.2 Dodging
 + Level 8.8 Stealth
 + Level 12.9 Shields
 + Level 0.2 Evocations


You had 14 spell levels left.
You didn't know any spells.
Your spell library contained the following spells:

 Spells                   Type           Power      Damage    Failure   Level
 Static Discharge         Conj/Air       0%         3-3/arc   54%         2
 Sublimation of Blood     Necr           0%         N/A       54%         2
 Wereblood                Tmut           0%         N/A       54%         2
 Gell's Gravitas          Tloc           0%         N/A       78%         3
 Lesser Beckoning         Tloc           0%         N/A       78%         3
 Teleport Other           Tloc           0%         N/A       78%         3
 Airstrike                Air            0%         0-1+      99%         4
 Hailstorm                Conj/Ice       0%         3d3       99%         4
 Ice Form                 Ice/Tmut       0%         N/A       99%         4
 Summon Lightning Spire   Summ/Air       0%         N/A       99%         4
 Alistair's Intoxication  Tmut/Pois      0%         N/A       100%        5
 Borgnjor's Vile Clutch   Necr/Erth      0%         N/A       100%        5
 Freezing Cloud           Conj/Ice/Air   0%         6-21      100%        5
 Iskenderun's Battlesphe  Conj           0%         2d6       100%        5
 Lightning Bolt           Conj/Air       0%         1d11      100%        5
 Summon Forest            Summ/Tloc      0%         N/A       100%        5
 Summon Mana Viper        Hex/Summ       0%         N/A       100%        5
 Dispersal                Tloc           0%         N/A       100%        6
 Eringya's Noxious Bog    Tmut/Pois      0%         N/A       100%        6
 Iron Shot                Conj/Erth      0%         9d1       100%        6
 Summon Cactus Giant      Summ           0%         N/A       100%        6
 Spellforged Servitor     Conj/Summ      0%         N/A       100%        7
 Summon Hydra             Summ           0%         N/A       100%        7
 Maxwell's Capacitive Co  Air            0%         ∞         100%        8
 Polar Vortex             Ice            0%         N/A       100%        9
 Simulacrum               Ice/Necr       Unusable   N/A       N/A         6

Dungeon Overview and Level Annotations

Branches:
Dungeon (15/15)            Temple (1/1) D:6            Lair (2/5) D:8
 Shoals (0/4) Lair:2       Spider (0/4) Lair:2          Orc (2/2) D:12
    Elf (1/3) Orc:2        Vaults (0/5) D:14          IceCv (visited)
 Depths: D:15

Altars:
Cheibriados
Dithmenos
Elyvilon
Gozag
Kikubaaqudgha
Makhleb
Nemelex Xobeh
Okawaru
Qazlal
Ru
Sif Muna
Trog
Uskayaw
Vehumet
Wu Jian
Xom
Yredelemnul
Zin
The Shining One

Shops:
D:2 *   D:14 (   Orc:2 (*(!=

Portals:
Pandemonium: Orc:2

Annotations:
D:11 1 runed translucent door


Innate Abilities, Weirdness & Mutations

You can breathe wild blasts of lightning.
Your glossy black scales are hard. (AC +9)
You cannot fit into any form of body armour.
Your large and strong wings let you fly.
You are resistant to electric shocks. (rElec)
You are cold-blooded and may be slowed by cold attacks.
You possess an exceptional clarity of mind.
Your flesh is cold resistant. (rC+)
You do not regenerate when monsters are visible.


Message History

You block the six-headed hydra's attack. x2
The six-headed hydra bites you.
* * * LOW HITPOINT WARNING * * *
You hack one of the six-headed hydra's heads off!
The flame cauterises the wound!
You hit the five-headed hydra. You burn the five-headed hydra.
You freeze the five-headed hydra.
The five-headed hydra seems to slow down.
The five-headed hydra is heavily wounded.
The fire dragon breathes flames at you. The blast of flame misses you.
You block the five-headed hydra's attack. x2
The five-headed hydra barely misses you.
The five-headed hydra misses you. x2
Okay, then.
Activating: Breathe Lightning (1% risk of failure)
Press: ? - help, Dir - look around, f - activate You breathe a wild blast of lightning!
The orb of electricity explodes!
You hear a mighty clap of thunder! x3; You hear a bark! x2
Unknown command.
You slice one of the five-headed hydra's heads off!
The flame cauterises the wound!
You slice the four-headed hydra!! You burn the four-headed hydra.
You freeze the four-headed hydra.
You kill the four-headed hydra!
A fire elemental comes into view.
The fire dragon barely misses you. You block the fire dragon's attack.
The fire dragon tramples you but does no damage.
You see here 23 gold pieces.
You slice the fire dragon!! You freeze the fire dragon.
The fire dragon is heavily wounded.
You block the fire dragon's attack. x2; The fire dragon tramples you.
* * * LOW HITPOINT WARNING * * *
You are shoved backwards!
You hit the fire dragon but do no damage.
You freeze the fire dragon.
The fire dragon is heavily wounded.
The fire elemental is distracted by your dazzling golden aura.
The fire dragon breathes flames at you. The blast of flame hits you!!
You die...
Your body crumbles into a pile of gold.

$ #. #. #.### .
#.... ... #..###
# ##
....##..#<#.#....
..............E☼☼
.......@D.#.#.#.#
##.##.........#
#......#.###
#####......
.....### ###..#
..# #.#


You could see a fire dragon (catching breath) and a fire elemental (unaware).

Vanquished Creatures
  Rupert (D:13)
  Gastronok (Lair:1)
  An azure jelly (IceCv)
  A quicksilver ooze (IceCv)
  An ettin (Orc:2)
  3 hydras
  4 boulder beetles (D:12)
  A radroach (shapeshifter) (D:12)
  A centaur warrior (D:13)
  Erica (Lair:1)
  A demonspawn (Orc:2)
  A tengu warrior (D:12)
  4 two-headed ogres
  7 orc high priests (Orc:2)
  2 deep elf knights (Elf:1)
  Urug (D:13)
  Sonja (D:13)
  Amaemon (D:9)
  A sixfirhy (Elf:1)
  A skeletal warrior (D:12)
  A harpy (shapeshifter) (Elf:1)
  3 deep elf zephyrmancers (Elf:1)
  6 deep elf pyromancers
  8 orc sorcerers
  7 ugly things
  5 orc knights
  7 cyclopes
  3 manticores
  4 ice statues
  Joseph (D:7)
  2 black mambas
  2 cane toads (Lair:1)
  5 gargoyles
  A smoke demon (Orc:2)
  Maggie (Lair:1)
  An orange demon (D:9)
  5 rime drakes
  2 komodo dragons
  An unseen horror (D:12)
  A kobold demonologist (D:9)
  4 entropy weaver simulacra (IceCv)
  3 tengu conjurers (D:13)
  4 trolls
  5 ice devils (D:13)
  A hornet (D:8)
  16 slime creatures (IceCv)
  A snapping turtle (Lair:2)
  8 blink frogs (Lair:2)
  A dream sheep (shapeshifter) (D:13)
  2 vampires
  5 water elementals
  4 wyverns
  3 shadows
  2 wraiths
  An air elemental (Elf:1)
  2 steam dragons
  41 yaks
  A fire elemental (Orc:2)
  6 vampire mosquitoes
  A golden eye (shapeshifter) (D:12)
  3 basilisks
  4 wargs
  An acid dragon (D:12)
  7 water moccasins
  3 demonic crawler simulacra (IceCv)
  40 orc warriors
  3 black bears
  5 ugly thing simulacra (IceCv)
  5 ogres
  A boggart (Elf:1)
  10 centaurs
  A phantom (D:4)
  Blork the orc (D:6)
  5 kobold brigands
  8 bullfrogs
  2 earth elementals (Elf:1)
  3 necrophages
  6 scorpions
  7 wights
  7 killer bees
  A howler monkey (D:8)
  5 electric eels (D:13)
  9 hounds
  4 jellies
  A gnoll bouda (D:7)
  20 orc priests
  23 orc wizards
  2 iguanas
  5 gnolls (D:5)
  5 adders
  A shadow imp (D:7)
  3 white imps
  7 ufetubi (D:13)
  4 worms
  2 dart slugs (D:2)
  82 orcs
  7 bats
  A bat zombie (D:9)
  12 endoplasms
  7 giant cockroaches
  26 goblins
  29 hobgoblins
  5 jackals
  A quokka (D:1)
  13 ball pythons
  7 frilled lizards
  19 kobolds
  4 rats
639 creatures vanquished.

Vanquished Creatures (others)
  An orc priest (Orc:2)
  An orc (Lair:1)
  A kobold (D:5)
  8 fungi
  29 plants
40 creatures vanquished.

Grand Total: 679 creatures vanquished

Notes
Turn   | Place    | Note
-------+----------+-------------------------------------------
     0 | D:1      | xian the Draconian Fighter began the quest for the Orb.
     0 | D:1      | Reached XP level 1. HP: 19/19 MP: 1/1
   192 | D:1      | Reached XP level 2. HP: 26/26 MP: 2/2
   330 | D:1      | Identified a scroll of acquirement
   334 | D:1      | Acquired 1066 gold pieces
   696 | D:1      | Reached XP level 3. HP: 31/31 MP: 3/3
   724 | D:1      | Found a faded altar of an unknown god.
  1293 | D:2      | Found Kusous's General Store.
  1313 | D:2      | Bought a scroll of identify for 26 gold pieces
  1313 | D:2      | Bought the +6 dagger "Killer Bee's Curse" {spect, rN+} for
                  | 600 gold pieces
  1329 | D:2      | Bought a +6 ring of dexterity for 468 gold pieces
  1537 | D:2      | Reached skill level 3 in Long Blades
  1564 | D:2      | Reached XP level 4. HP: 40/40 MP: 4/4
  2081 | D:3      | Identified the +3 leather armour "Pucur" {rElec}
  2172 | D:3      | Acquired the ring of the Real Monster {Will+ rCorr Str+4
                  | SInv}
  2174 | D:3      | Acquired the amulet of Cazxasid {Reflect rN+ Regen+ Dex+4
                  | SH+5}
  2264 | D:3      | Noticed an ogre
  2270 | D:3      | Killed an ogre
  2271 | D:3      | Reached skill level 1 in Short Blades
  2271 | D:3      | Reached skill level 1 in Stealth
  2271 | D:3      | Reached XP level 5. HP: 42/46 MP: 5/5
  2784 | D:4      | Reached XP level 6. HP: 52/52 MP: 6/6
  2969 | D:4      | Found a hide-covered altar of Uskayaw.
  3188 | D:4      | Found a bloodstained altar of Trog.
  3656 | D:5      | Entered Level 5 of the Dungeon
  3765 | D:5      | Your scales start taking on a glossy black colour.
  3765 | D:5      | Reached XP level 7. HP: 60/60 MP: 7/7
  3765 | D:5      | Gained mutation: You are resistant to electric shocks.
                  | (rElec) [Black Draconian growth]
  3992 | D:5      | Found a white marble altar of Elyvilon.
  4719 | D:6      | Noticed Blork the orc
  4722 | D:6      | Killed Blork the orc
  4728 | D:6      | Reached skill level 1 in Throwing
  4728 | D:6      | Reached XP level 8. HP: 56/67 MP: 8/8
  4729 | D:6      | Found a staircase to the Ecumenical Temple.
  4739 | Temple   | Entered the Ecumenical Temple
  5010 | D:6      | Identified the +0 hand axe of Grand Defence {holy, Fragile
                  | rElec Int+4}
  5179 | D:6      | Reached skill level 5 in Short Blades
  5179 | D:6      | Reached skill level 5 in Shields
  5349 | D:6      | Reached skill level 5 in Fighting
  5619 | D:7      | Reached skill level 5 in Dodging
  5649 | D:7      | Noticed Joseph
  5662 | D:7      | Killed Joseph
  5663 | D:7      | Reached XP level 9. HP: 35/74 MP: 9/9
  5767 | D:7      | Reached skill level 5 in Stealth
  6224 | D:7      | Found an opulent altar of Gozag.
  6233 | D:7      | Became a worshipper of Gozag Ym Sagoz the Greedy
  6447 | D:8      | Identified the +8 battleaxe "Suylok" {vamp, rElec}
  6521 | D:8      | Reached XP level 10. HP: 83/83 MP: 10/10
  6581 | D:8      | Found a staircase to the Lair.
  6620 | Lair:1   | Entered Level 1 of the Lair of Beasts
  6620 | Lair:1   | Noticed a black mamba
  6628 | Lair:1   | Killed a black mamba
  6704 | Lair:2   | Noticed a black mamba
  6714 | Lair:2   | Killed a black mamba
  6819 | Lair:2   | Noticed a five-headed hydra
  6822 | Lair:2   | Found a staircase to the Shoals.
  6834 | Lair:2   | Killed a five-headed hydra
  6909 | Lair:2   | Found a hole to the Spider Nest.
  6921 | Lair:2   | Found a frozen archway.
  6944 | Lair:2   | Reached XP level 11. HP: 77/92 MP: 11/11
  6994 | IceCv    | Entered an ice cave
  7183 | IceCv    | Gained mutation: You do not regenerate when monsters are
                  | visible. [potion of mutation]
  7183 | IceCv    | Gained mutation: You possess an exceptional clarity of
                  | mind. [potion of mutation]
  7183 | IceCv    | Gained mutation: Your flesh is cold resistant. (rC+)
                  | [potion of mutation]
  7413 | IceCv    | Got Gavuikip's Writings on the Glacier
  7614 | IceCv    | Noticed a quicksilver ooze
  7626 | IceCv    | Killed a quicksilver ooze
  8152 | IceCv    | Reached skill level 10 in Shields
  8235 | IceCv    | Noticed an azure jelly
  8253 | IceCv    | Killed an azure jelly
  8272 | IceCv    | Found a viscous altar of Jiyva.
  8280 | IceCv    | Found the +2 Maxwell's thermic engine {flame, freeze}
  8294 | IceCv    | Identified the ring "Zafoh" {rPois Int+6 Slay+2}
  8779 | Lair:2   | Reached XP level 12. HP: 101/101 MP: 12/12
  9082 | Lair:2   | Reached skill level 4 in Long Blades
  9162 | Lair:1   | Noticed Gastronok
  9169 | Lair:1   | Killed Gastronok
  9176 | Lair:1   | Noticed Erica
  9195 | Lair:1   | Killed Erica
  9196 | Lair:1   | Reached skill level 5 in Long Blades
  9595 | Lair:1   | Noticed Maggie
  9607 | Lair:1   | Killed Maggie
  9658 | Lair:1   | Reached skill level 6 in Long Blades
 10218 | D:7      | Reached skill level 7 in Long Blades
 10746 | D:9      | Noticed Amaemon
 10778 | D:9      | Killed Amaemon
 11051 | D:9      | Reached skill level 8 in Long Blades
 11485 | D:9      | Found an ancient bone altar of Kikubaaqudgha.
 11541 | D:10     | Entered Level 10 of the Dungeon
 11786 | D:10     | Found a burning altar of Makhleb.
 11789 | D:10     | Found an ornate altar of the Wu Jian Council.
 11919 | D:10     | Found a radiant altar of Vehumet.
 11972 | D:10     | Reached XP level 13. HP: 92/110 MP: 13/13
 12591 | D:11     | Reached skill level 9 in Long Blades
 12926 | D:11     | Found a runed translucent door.
 13513 | D:11     | Found a sparkling altar of Nemelex Xobeh.
 14151 | D:12     | Reached skill level 10 in Dodging
 14274 | D:12     | Found a staircase to the Orcish Mines.
 14718 | D:12     | Upgraded the game from 0.29-a0-872-g797fff5ad1 to
                  | 0.29-a0-876-gfc89b1a5bd
 14721 | Orc:1    | Entered Level 1 of the Orcish Mines
 14848 | Orc:1    | Reached skill level 10 in Long Blades
 15176 | Orc:2    | Entered Level 2 of the Orcish Mines
 15357 | Orc:2    | Found Plog's Antique Weapon Shop.
 15507 | Orc:2    | Found Kirch's General Store.
 15659 | Orc:2    | Found Wicviz's Distillery.
 15675 | Orc:2    | Noticed an ettin
 15892 | Orc:2    | Found a staircase to the Elven Halls.
 15912 | Elf:1    | Entered Level 1 of the Elven Halls
 15979 | Elf:1    | Found a radiant altar of Vehumet.
 15995 | Elf:1    | Paralysed by an air elemental for 1 turns
 16005 | Elf:1    | Reached skill level 11 in Long Blades
 16011 | Elf:1    | Reached skill level 10 in Fighting
 16176 | Elf:1    | Gained mutation: Your large and strong wings let you fly.
                  | [Black Draconian growth]
 16176 | Elf:1    | Reached XP level 14. HP: 25/121 MP: 14/14
 16499 | Orc:2    | Bought 2 potions of might for 96 gold pieces
 16499 | Orc:2    | Bought a potion of invisibility for 96 gold pieces
 16499 | Orc:2    | Bought a potion of curing for 36 gold pieces
 16499 | Orc:2    | Bought a potion of invisibility for 96 gold pieces
 16499 | Orc:2    | Bought a potion of might for 48 gold pieces
 16499 | Orc:2    | Bought a potion of heal wounds for 60 gold pieces
 16499 | Orc:2    | Bought a potion of curing for 36 gold pieces
 16499 | Orc:2    | Bought a potion of invisibility for 96 gold pieces
 16501 | Orc:2    | Bought a potion of might for 52 gold pieces
 16501 | Orc:2    | Bought a tin of tremorstones (2/2) for 520 gold pieces
 17075 | Orc:2    | Reached skill level 12 in Long Blades
 17217 | Orc:2    | Found Xehuv's Jewellery Boutique.
 17217 | Orc:2    | Found Ukkaem's Antique Weapon Shop.
 17217 | Orc:2    | Found a one-way gate leading to the halls of Pandemonium.
 17230 | Orc:2    | Bought the ring "Donacodo" {rElec Will+ Str+6 Dex+6} for
                  | 1091 gold pieces
 17836 | D:13     | Noticed Urug
 17839 | D:13     | Noticed Sonja
 17854 | D:13     | Killed Sonja
 17865 | D:13     | Killed Urug
 18756 | D:13     | Noticed Rupert
 18768 | D:13     | Killed Rupert
 18837 | D:12     | Reached skill level 13 in Long Blades
 19174 | D:14     | Reached XP level 15. HP: 88/129 MP: 15/15
 19385 | D:14     | Found Lysiw's Weapon Shop.
 19429 | D:14     | Found a gate to the Vaults.
 19444 | D:15     | Entered Level 15 of the Dungeon
 19453 | D:15     | Killed from afar by a fire dragon

Illustrated notes

Levels and vault maps discovered:
D:1:      erik_arrival_orb_chamber, layout_basic,
          shapermc_ecumenical_altar_mp_vishouse, moated_statue
D:2:      minmay_evil_eye, layout_loops_ring, serial_shops,
          nicolae_shop_advertising_works [nicolae_subvault_shop_adworks]
D:3:      layout_rooms, serial_glass, glass_columns_a, glass_columns_b,
          glass_columns_b, glass_columns_c, glass_columns_a, glass_columns_a,
          glass_columns_b, glass_columns_b, glass_columns_b, glass_columns_a,
          glass_columns_a, glass_columns_a, glass_columns_c, glass_columns_a,
          chequers_serial_rivers_large_a, amcnicky_mini_corridor_feature,
          minmay_bisected
D:4:      layout_basic, eat_drink_and_be_merry_uskayaw, old_standard_altar
D:5:      minmay_goblin_kobold_castle, layout_rooms,
          mainiacjoe_overflow_24_doors
D:6:      layout_loops_ring, minmay_temple_entry_large_hall, uniq_blork_the_orc
D:7:      hellmonk_crumbling_castle, layout_rooms, old_standard_altar,
          minmay_joined_circles, uniq_joseph
D:8:      layout_basic, david_lair_generic, kennysheep_kite_vault
D:9:      layout_cave_pools, lemuel_zombie_altar_kikubaaqudgha, chequers_jeans,
          uniq_amaemon
D:10:     layout_roguey [special_room_orc], nicolae_overflow_hidden_temple,
          pf_just_have_faith
D:11:     cheibrodos_shockbox, layout_layer_cave, hex_medium,
          nemelex_spade_bored_becter
D:12:     minmay_isolated_rectangles_in_corner, layout_loops_ring, orc_0_dummy
D:13:     cheibrodos_frozen_isle, layout_basic, minmay_stone_trees_small,
          serial_bayou_lagoon_a, uniq_urug, uniq_sonja, uniq_rupert
D:14:     layout_gridville, david_vaults_2, serial_park_fountain, serial_shops,
          nicolae_lakefront_shop
D:15:     hangedman_depths_entry_try_elsewhere_first, layout_basic,
          serial_shops, shop_statue, nicolae_dithmenos_the_darkroom,
          lemuel_freeze_loot_1, uniq_azrael
Temple:   chequers_temple_sunken
Lair:1:   layout_roguey, lemuel_old_faithful, grunt_megastairs_5, uniq_maggie,
          uniq_gastronok, uniq_erica
Lair:2:   layout_gridlike, minmay_shoals_entry_hut,
          nicolae_spider_entry_non_spiders, portal_ice_cave_rime
Orc:1:    layout_caves
Orc:2:    pf_orc_diabolical, layout_caves, serial_shops, shop,
          bh_open_orc_temple
Elf:1:    eino_elf_arrival_altar, layout_gridlike, hangedman_elf_disciples,
          minmay_misc_feat_five, minmay_shoptagon

Skill      XL: |  1  2  3  4  5  6  7  8  9 10 11 12 13 14 |
---------------+-------------------------------------------+-----
Dodging        | 3 4 5 6 7 8 9 10 11 | 11.2
Long Blades    | 3 8 11 13 | 13.6
Fighting       | 4 5 6 7 8 10 11 | 11.3
Short Blades   | 1 3 4 6 7 8 9 |  9.7
Stealth        | 1 2 3 4 5 6 7 8 |  8.8
Shields        | 4 6 7 8 10 11 12 | 12.9
Throwing       | 1 3 |  3.6
Evocations     | |  0.2

Action                   |  1- 3 |  4- 6 |  7- 9 | 10-12 | 13-15 || total
-------------------------+-------+-------+-------+-------+-------++-------
Melee: Long sword        |   109 |       |       |       |       ||   109
       Tailslap          |     7 |     9 |    36 |   105 |   138 ||   295
       Dagger            |     8 |    92 |   232 |   296 |       ||   628
       Double sword      |       |       |       |   286 |   825 ||  1111
Throw: Dart              |     3 |     5 |    14 |     6 |     3 ||    31
Invok: Potion Petition   |       |       |       |       |     1 ||     1
 Abil: Breathe Lightning |       |       |    24 |    29 |    33 ||    86
Evoke: Wand              |       |       |       |     2 |       ||     2
  Use: Scroll            |     3 |     3 |     3 |    15 |     7 ||    31
       Potion            |       |       |     3 |    15 |     7 ||    25
 Stab: Sleeping          |     1 |     6 |     2 |     3 |     4 ||    16
       Distracted        |       |     1 |       |    16 |    13 ||    30
Armor: Skin              |    50 |    26 |    67 |   161 |   186 ||   490
Dodge: Dodged            |    74 |    39 |   108 |   351 |   478 ||  1050
Block: Buckler           |    29 |    30 |   137 |   320 |   534 ||  1050
       Reflection        |       |     7 |    23 |    11 |    25 ||    66

Table legend: (Time is in decaauts)
 A = Elapsed time spent in this place.
 B = Non-inter-level travel time spent in this place.
 C = Inter-level travel time spent in this place.
 D = Time resting spent in this place.
 E = Time spent auto-exploring this place.
 F = Levels seen in this place.
 G = Mean time per level.
                   A        B        C        D        E       F      G
               +--------+--------+--------+--------+--------+-----+--------+
         Total |  19335 |  18537 |    798 |   1456 |   9026 |  22 |  878.9 |
       Dungeon |  12696 |  12215 |    481 |    437 |   7046 |  15 |  846.4 |
        Temple |    258 |    249 |      9 |      0 |    238 |   1 |  258.0 |
          Lair |   2037 |   1978 |     59 |    140 |    725 |   2 | 1018.5 |
  Orcish Mines |   2595 |   2346 |    249 |    313 |    960 |   2 | 1297.5 |
   Elven Halls |    435 |    435 |      0 |    135 |     56 |   1 |  435.0 |
      Ice Cave |   1312 |   1312 |      0 |    430 |      0 |   1 | 1312.0 |
               +--------+--------+--------+--------+--------+-----+--------+

Top non-repeatable levels by time:
   Orc:2: 2027 daAuts
    D:12: 1550 daAuts
   IceCv: 1312 daAuts
    D:11: 1186 daAuts
     D:1: 1121 daAuts
     D:5: 1059 daAuts
  Lair:2: 1038 daAuts
  Lair:1: 998 daAuts
     D:2: 950 daAuts
     D:7: 919 daAuts
    D:10: 901 daAuts
    D:13: 816 daAuts
     D:4: 815 daAuts
     D:3: 804 daAuts
     D:9: 795 daAuts
